 Dungeon Sprint DCSS version 0.31.0-9-g3a7656b989 (webtiles) character file.

Game seed: 5684409125181254787

79 Heoruswealwe the Poker (level 4, -1/44 HPs)
             Began as a Minotaur Fighter on Jan 26, 2024.
             Slain by an ogre
             ... wielding a +0 giant spiked club
              (35 damage)
             ... in the Dungeon (Sprint IX: "|||||||||||||||||||||||||||||").
             The game lasted 00:01:02 (44 turns).

Heoruswealwe the Poker (Minotaur Fighter)             Turns: 44, Time: 00:01:02

Health: -1/44      AC:  7    Str: 23    XL:     4   Next: 17%
Magic:  3/3        EV:  9    Int:  5    God:
Gold:   0          SH:  4    Dex:  9    Spells: 3/3 levels left

rFire   . . .        a - +0 trident
rCold   . . .        d - +0 buckler
rNeg    . . .        c - +0 scale mail
rPois   .            (helmet restricted)
rElec   .            (no cloak)
rCorr   .            (no gloves)
SInv    .            (no boots)
Will    .....        (no amulet) Stlth
                     (no ring)
HPRegen 0.27/turn    (no ring)
MPRegen 0.08/turn

%: no teleportation
@: no status effects
A: horns 2, retaliatory headbutt
a: no special abilities


You were in the Dungeon.
You visited 1 branch

Inventory:

Hand Weapons
 a - a +0 trident (weapon)
Armour
 c - a +0 scale mail (worn)
 d - a +0 buckler (worn)
Scrolls
 j - a scroll of blinking
Potions
 b - a potion of might
 e - a potion of curing
 g - a potion of haste
 h - 2 potions of magic
 i - a potion of berserk rage


   Skills:
 + Level 6.1 Fighting
 * Level 7.3 Polearms
 + Level 6.1 Armour
 - Level 3.6 Shields


You had 3 spell levels left.
You didn't know any spells.
Your spell library was empty.

Dungeon Overview and Level Annotations

Branches:
Dungeon (1/1)

Altars:


Innate Abilities, Weirdness & Mutations

You have a pair of horns on your head.
You reflexively headbutt those who attack you in melee.


Message History

The bombardier beetle is heavily wounded.
The bombardier beetle bites you.
You barely miss the bombardier beetle.
Your headbutt misses the bombardier beetle.
The bombardier beetle is heavily wounded.
You puncture the bombardier beetle!
You kill the bombardier beetle!
Your Polearms skill increases to level 7!
You have reached level 4!
You feel stronger.
You miss the adder.
The adder bites you but does no damage. x2
You puncture the adder! Your headbutt misses the adder.
The adder is almost dead.
The adder bites you but does no damage.
You barely miss the adder. Your headbutt misses the adder.
The adder is almost dead.
The adder barely misses you.
You hit the adder.
You kill the adder!
Your Fighting skill increases to level 6!
Your Armour skill increases to level 6!
You barely miss the ribbon worm. The ribbon worm bites you.
You puncture the ribbon worm! You headbutt the ribbon worm.
The ribbon worm is almost dead.
You hit the ribbon worm.
You kill the ribbon worm!
You puncture the ogre!
The ogre is heavily wounded.
The ogre barely misses you. You furiously retaliate!
You headbutt the ogre. You closely miss the ogre.
The ogre is heavily wounded.
You closely miss the ogre. You headbutt the ogre!
The ogre is severely wounded.
The ogre hits you with a +0 giant spiked club!!
Ouch! That really hurt!
* * * LOW HITPOINT WARNING * * *
You feel much better.
The ogre hits you with a +0 giant spiked club!!
Ouch! That really hurt!
You die...

▓+▓
▓.▓
▓.▓
▓.▓
▓.▓
▓O▓
▓@▓
▓.▓
▓.▓
▓.▓
▓.▓
▓.▓
▓)▓
▓.▓
▓.▓


You could see an ogre.

Vanquished Creatures
  2 bombardier beetles (D)
  An adder (D)
  A ribbon worm (D)
  2 hobgoblins (D)
  A ball python (D)
  A goblin (D)
  A kobold (D)
9 creatures vanquished.

Notes
Turn   | Place    | Note
-------+----------+-------------------------------------------
     0 | D        | Heoruswealwe the Minotaur Fighter began the quest for the
                  | Orb.
     0 | D        | Reached XP level 1. HP: 19/19 MP: 0/0
     5 | D        | Reached skill level 3 in Polearms
    19 | D        | Noticed an ogre
    19 | D        | Noticed a bombardier beetle
    19 | D        | Noticed a bombardier beetle
    25 | D        | Killed a bombardier beetle
    26 | D        | Reached skill level 5 in Fighting
    26 | D        | Reached skill level 6 in Polearms
    26 | D        | Reached skill level 5 in Armour
    26 | D        | Reached XP level 2. HP: 21/29 MP: 1/1
    26 | D        | Reached XP level 3. HP: 26/36 MP: 2/2
    34 | D        | Reached skill level 7 in Polearms
    34 | D        | Reached XP level 4. HP: 32/44 MP: 3/3
    44 | D        | Slain by an ogre

Illustrated notes

Levels and vault maps discovered:
D:        linesprint [early_d, line_temple, items_1, d_10, items_2, lair_1,
          lair_end, items_3, orc_1, orc_end, items_4, d_15, swamp_1, shoals_1,
          snake_1, spider_1, d_20, vaults_1, items_5, swamp_end, shoals_end,
          snake_end, spider_end, vaults_end, d_27, items_6, zot_1, zot_end,
          crypt_end, forest_end, elf_end, slime_end, tomb_end, abyss_end,
          pan_hell_end]

Skill      XL: |  1  2  3  4 |
---------------+-------------+-----
Polearms       | 6 7 |  7.3
Fighting       | 5 6 |  6.1
Armour         | 5 6 |  6.1
Shields        | |  3.6

Action                     |  1- 3 |  4- 6 || total
---------------------------+-------+-------++-------
  Melee: Trident           |    21 |    10 ||    31
         Headbutt          |     2 |     2 ||     4
    Use: Potion            |       |     1 ||     1
 Armour: Scale mail        |     5 |     6 ||    11
  Dodge: Dodged            |     6 |     2 ||     8
  Block: Buckler           |     2 |       ||     2
